AoeStats
← BobbyRuhe

Arabia

508152924Analyzed
1v1 RM · 12d ago on Sep 21, 2026· 78m 41s· 2 players
Game mode
Random Map
Map size
Tiny (2 player)
Population
200
Speed
Normal
Resources
Standard
Victory
Conquest
Starting age
Dark Age
Ending age
Imperial Age
RankedLock teamsTeams togetherTeam positionsShared explorationLock speedFull tech treeHidden civsTurbo modeCheats
Victory
Defeat
🇨🇱 Vietnamese · Chile
749
+15
🇨🇱 Portuguese · Chile
721
-15
BobbyRuhe
2:33 Loom
10:06 Feudal Age
10:40 Double-Bit Axe
12:59 Horse Collar
22:11 Wheelbarrow
23:00 Town Watch
26:39 Castle Age
27:05 Scale Barding Armor
27:11 Forging
27:42 Bloodlines
28:48 Husbandry
30:21 Iron Casting
29:54 Heavy Plow
30:08 Bow Saw
35:09 Chain Barding Armor
36:24 Hand Cart
37:46 Scale Mail Armor
44:28 Murder Holes
44:58 Gold Mining
44:59 Stone Mining
51:42 Imperial Age
49:13 Town Patrol
49:21 Town Patrol
49:46 Thumb Ring
49:02 Crossbowman
50:59 Stone Shaft Mining
51:54 Capped Ram
52:20 Cavalier
60:29 Guard Tower
64:11 Padded Archer Armor
64:02 Fletching
66:28 Light Cavalry
66:47 Elite Skirmisher
67:29 Arbalester
70:25 Siege Engineers
70:46 Ballistics
72:49 Leather Archer Armor
72:29 Bodkin Arrow
Sir Paul
7:33 Loom
10:20 Feudal Age
15:48 Double-Bit Axe
18:20 Horse Collar
24:21 Castle Age
24:41 Wheelbarrow
24:02 Gold Mining
25:53 Bow Saw
25:36 Fletching
26:02 Heavy Plow
26:20 Bodkin Arrow
28:17 Padded Archer Armor
29:56 Thumb Ring
30:11 Leather Archer Armor
30:57 Hand Cart
30:28 Town Watch
30:58 Crossbowman
31:52 Pikeman
32:55 Squires
33:23 Forging
33:13 Scale Mail Armor
34:45 Iron Casting
35:55 Chain Mail Armor
48:16 Town Patrol
53:29 Imperial Age
51:35 Arson
51:26 Elite Skirmisher
53:06 Ballistics
54:05 Fortified Wall
53:32 Arbalester
55:44 Chemistry
57:44 Imperial Skirmisher
67:23 Halberdier
Connection lost

Rejoining the realm…

Still unreachable

The connection could not be restored.

Session expired

The server has moved on; the page needs a fresh start.